Map: Terraços Prion

Players

Magno - Winner!

  • Race: Protoss Protoss
  • League: Silver

Artorias

  • Race: Protoss Protoss
  • League: Gold

VOD

Have the link to the VOD?

Description

Time

  • Played on: Nov. 23, 2015, 7:15 p.m.
  • Length: 16:33
Show
View Real Time Build Order
Export as new Build Order

Magno Protoss - Winner!

Build Orders: 1 Gate Expand 

Get SALT Encoding   

  12  0:01  Probe (Chrono Boost)  
  13  0:16  Probe (Chrono Boost)  
  13  0:18  Pylon  
  14  0:33  Probe (Chrono Boost)  
  15  0:40  Gateway  
  15  0:43  Probe (Chrono Boost)  
  16  0:58  Assimilator  
  16  1:00  Probe (Chrono Boost)  
  17  1:11  Probe (Chrono Boost)  
  18  1:23  Probe (Chrono Boost)  
  19  1:27  Nexus  
  19  1:40  Probe (Chrono Boost)  
  20  1:48  Cybernetics Core  
  20  1:49  Pylon  
  20  1:54  Probe (Chrono Boost)  
  20  1:59  Assimilator  
  21  2:05  Probe (Chrono Boost)  
  23  2:15  Probe (Chrono Boost)  
  23  2:25  Warp Gate (Chrono Boost)  
  23  2:26  Probe  
  24  2:31  Adept (Chrono Boost)  
  26  2:38  Mothership Core (Chrono Boost)  
  26  2:39  Probe  
  29  2:47  Forge  
  29  2:51  Probe (Chrono Boost)  
  30  2:59  Probe (Chrono Boost), Adept  
  30  3:02  Probe (Chrono Boost)  
  34  3:07  Protoss Ground Armor Level 1  
  34  3:09  Probe (Chrono Boost)  
  34  3:11  Pylon  
  34  3:12  Probe (Chrono Boost)  
  36  3:23  Probe  
  37  3:28  Adept (Chrono Boost)  
  37  3:42  Probe  
  37  3:47  Gateway  
  39  3:48  Probe  
  39  3:51  Gateway  
  39  3:54  Probe  
  33  4:27  Probe  
  33  4:28  Probe  
  35  4:37  Gateway  
  35  4:41  Gateway  
  35  4:45  Adept  
  37  4:47  Pylon  
  37  4:48  Pylon  
  37  4:52  Adept x2  
  39  4:55  Protoss Ground Weapons Level 1  
  41  5:03  Stalker  
  41  5:06  Assimilator  
  43  5:15  Twilight Council  
  43  5:17  Robotics Facility  
  43  5:20  Gateway  
  43  5:22  Gateway  
  30  5:44  Adept x3  
  30  5:45  Adept x2  
  39  5:52  Resonating Glaives  
  39  6:04  Adept x2  
  35  6:05  Adept x3  
  34  6:30  Adept x4  
  34  6:47  Adept x2  
  34  6:48  Adept  
  32  7:02  Adept x2  
  32  7:03  Adept  
  30  7:40  Adept  
  30  7:41  Adept x4  
  30  7:42  Adept  
  38  8:11  Adept  
  38  8:12  Adept x3  
  42  8:39  Immortal (Chrono Boost)  
  46  8:54  Probe x2, Pylon  
  48  9:07  Mothership Core, Adept x2  
  54  9:19  Adept  
  52  9:44  Protoss Ground Weapons Level 2  
  50  9:57  Probe x2  
  52  10:05  Immortal (Chrono Boost)  
  56  10:09  Probe  
  56  10:13  Probe  
  58  10:20  Pylon  
  58  10:21  Probe  
  59  10:47  Robotics Bay  
  63  11:12  Observer (Chrono Boost)  
  61  11:25  Probe x2  
  61  11:31  Immortal (Chrono Boost)  
  66  11:37  Probe  
  67  11:44  Adept x2  
  67  11:45  Adept x3  
  77  11:51  Protoss Ground Armor Level 2  
  77  11:59  Probe, Pylon  
  77  12:01  Pylon  
  78  12:17  Probe, Warp Prism (Chrono Boost)  
  79  12:48  Disruptor (Chrono Boost)  
  82  12:56  Nexus  
  82  13:09  Zealot  
  84  13:37  Adept x2  
  86  13:42  Pylon  
  86  13:46  Pylon  
  86  13:47  Pylon  
  83  14:12  Stalker x6  
  93  14:34  Pylon  
  93  14:39  Colossus (Chrono Boost)  
  84  15:44  Stalker x4  
  84  15:45  Stalker x2  
Show
View Real Time Build Order
Export as new Build Order

Artorias Protoss 

Build Orders:  

Get SALT Encoding   

  12  0:02  Probe (Chrono Boost)  
  13  0:14  Pylon  
  13  0:26  Probe (Chrono Boost)  
  14  0:36  Probe (Chrono Boost)  
  14  0:41  Gateway  
  15  0:47  Probe (Chrono Boost)  
  16  0:51  Assimilator  
  16  0:58  Probe (Chrono Boost)  
  16  1:01  Pylon  
  17  1:08  Probe (Chrono Boost)  
  18  1:19  Probe (Chrono Boost)  
  18  1:20  Gateway  
  19  1:29  Probe (Chrono Boost)  
  19  1:32  Cybernetics Core  
  20  1:41  Pylon  
  20  1:54  Gateway  
  20  1:56  Forge  
  20  2:03  Assimilator  
  20  2:11  Adept  
  20  2:15  Adept  
  24  2:24  Probe (Chrono Boost)  
  25  2:30  Warp Gate (Chrono Boost)  
  25  2:35  Probe  
  26  2:40  Adept  
  26  2:41  Adept  
  30  2:50  Gateway  
  30  3:00  Protoss Ground Weapons Level 1 (Chrono Boost)  
  30  3:02  Probe  
  31  3:15  Adept  
  31  3:16  Adept  
  35  3:39  Adept  
  37  3:45  Adept  
  39  3:55  Adept  
  39  4:30  Gateway  
  39  4:38  Pylon  
  39  4:42  Pylon  
  39  4:44  Pylon  
  39  4:56  Protoss Ground Armor Level 1 (Chrono Boost)  
  41  5:06  Adept x2  
  43  5:07  Adept  
  37  5:31  Adept x2  
  37  5:32  Adept x2  
  41  6:02  Stalker x2  
  41  6:03  Stalker x3  
  45  6:31  Adept x5  
  31  7:13  Nexus  
  31  7:18  Adept x2  
  31  7:20  Adept  
  36  7:37  Pylon  
  36  7:44  Adept  
  36  7:45  Adept  
  30  8:23  Adept x3  
  36  8:32  Probe  
  37  8:39  Probe  
  38  8:42  Probe  
  39  8:53  Probe  
  40  8:59  Probe  
  41  9:03  Probe  
  42  9:11  Probe  
  42  9:14  Probe  
  42  9:15  Adept x2  
  48  9:20  Adept  
  48  9:47  Probe  
  48  9:50  Probe  
  50  9:57  Probe  
  51  10:02  Probe  
  52  10:08  Probe  
  52  10:11  Twilight Council  
  53  10:15  Probe  
  53  10:16  Pylon  
  53  10:19  Pylon  
  54  10:30  Protoss Shields Level 1 (Chrono Boost)  
  54  10:32  Probe  
  54  10:34  Probe  
  56  10:42  Assimilator  
  56  10:48  Adept x3  
  62  10:55  Pylon  
  62  10:59  Pylon  
  62  11:13  Adept x3  
  68  11:21  Gateway  
  68  11:24  Probe  
  68  11:29  Stargate  
  69  11:34  Probe  
  69  11:38  Adept x3  
  76  11:44  Mothership Core  
  78  11:55  Gateway  
  78  11:56  Protoss Ground Weapons Level 2 (Chrono Boost)  
  78  11:58  Adept  
  78  11:59  Adept x2  
  82  12:22  Stalker x2  
  84  12:31  Pylon  
  84  12:33  Pylon  
  84  12:43  Pylon  
  84  12:49  Void Ray (Chrono Boost)  
  88  12:58  Adept x5  
  98  13:43  Adept x2  
  98  13:44  Adept x3  
  108  13:53  Pylon  
  108  13:55  Pylon  
  108  14:11  Void Ray (Chrono Boost)  
  112  14:31  Nexus, Adept x2  
  112  14:32  Adept  
  118  14:44  Probe  
  119  14:49  Void Ray (Chrono Boost)  
  123  14:57  Probe  
  98  15:22  Stalker x2  
  98  15:23  Stalker  
  98  15:26  Photon Cannon  
  56  15:51  Adept x2  
  56  15:52  Adept x3  
  50  16:16  Adept x2  
  50  16:17  Adept x3  
Tags
 
Add a new tag
Caveats
  • Supply blocks, unpowered buildings, or Contaminate may cause inaccurate times.
  • Supply counts are checked every 10 seconds.